 Dungeon Crawl Stone Soup version 0.24.0-13-gcf9b3192b9 (webtiles) character file.

Game seed: 5900517627007022120, levelgen mode: deterministic

81 FishyPogo the Caller (level 4, -4/32 HPs)
             Began as a Gnoll Summoner on Nov 10, 2019.
             Slain by a gnoll (7 damage)
             ... on level 1 of the Dungeon.
             The game lasted 00:09:37 (1445 turns).

FishyPogo the Caller (Gnoll Summoner)               Turns: 1445, Time: 00:09:37

Health: -4/32      AC:  4    Str: 10    XL:     4   Next: 42%
Magic:  7/11       EV: 15    Int: 18    God:
Gold:   68         SH:  0    Dex: 16    Spells: 3/13 levels left

rFire    . . .     SeeInvis +   e - +0 short sword
rCold    + . .     Gourm    .   (no shield)
rNeg     . . .     Faith    .   a - +0 robe
rPois    .         Spirit   .   h - +1 helmet {SInv}
rElec    .         Reflect  .   (no cloak)
rCorr    .         Harm     .   (no gloves)
MR       .....                  (no boots)
Stlth    +++.......             (no amulet)
HPRegen  0.10/turn              k - ring of wizardry
MPRegen  0.12/turn              m - ring of protection from cold

@: no status effects
A: distributed training, fangs 1, strong nose
a: no special abilities


You were on level 1 of the Dungeon.
You were not hungry.

You visited 1 branch of the dungeon, and saw 2 of its levels.

You collected 68 gold pieces.

Inventory:

Hand Weapons
 e - a +0 short sword (weapon)
Missiles
 b - 34 stones (quivered)
 l - 4 boomerangs
Armour
 a - a +0 robe (worn)
 h - a +1 helmet of see invisible (worn)
Jewellery
 k - a ring of wizardry (left hand)
 m - a ring of protection from cold (right hand)
Scrolls
 d - 3 scrolls of immolation {unknown}
 f - a scroll of magic mapping {unknown}
 g - 3 scrolls of teleportation {unknown}
 o - a scroll of identify {unknown}
Potions
 i - a potion of flight {unknown}
 n - 2 potions of lignification {unknown}
 p - a potion of heal wounds {unknown}
Comestibles
 c - 6 rations
 j - 2 chunks of flesh


   Skills:
 + Level 1.1 Fighting
 + Level 1.1 Short Blades
 + Level 1.1 Long Blades
 + Level 1.1 Axes
 + Level 1.1 Maces & Flails
 + Level 1.1 Polearms
 + Level 1.1 Staves
 + Level 1.1 Slings
 + Level 1.1 Bows
 + Level 1.1 Crossbows
 + Level 1.1 Throwing
 + Level 1.1 Armour
 + Level 4.6 Dodging
 + Level 4.2 Stealth
 + Level 1.1 Shields
 + Level 1.1 Unarmed Combat
 + Level 5.0 Spellcasting
 + Level 0.8 Conjurations
 + Level 0.8 Hexes
 + Level 0.8 Charms
 + Level 7.1 Summonings
 + Level 0.8 Necromancy
 + Level 0.8 Translocations
 + Level 0.8 Transmutations
 + Level 0.8 Fire Magic
 + Level 0.8 Ice Magic
 + Level 0.8 Air Magic
 + Level 0.8 Earth Magic
 + Level 0.8 Poison Magic
 + Level 1.2 Invocations
 + Level 1.1 Evocations


You had 3 spell levels left.
You knew the following spells:

 Your Spells              Type           Power        Failure   Level  Hunger
l - Summon Lightning Spi  Summ/Air       ###.....     11%         4    ####...
p - Call Imp              Summ           ####....     1%          2    #......
u - Call Canine Familiar  Summ           ####....     1%          3    ##.....
y - Summon Small Mammal   Summ           ####         1%          1    None

Your spell library contained the following spells:

 Spells                   Type           Power        Failure   Level  Hunger
 Summon Guardian Golem    Hex/Summ       ###.....     3%          3    ##.....
 Summon Ice Beast         Ice/Summ       ###.....     11%         4    ####...


Dungeon Overview and Level Annotations

Branches:
Dungeon (2/15)

Altars:


Innate Abilities, Weirdness & Mutations

Your experience applies equally to all skills.
You have very sharp teeth.
Your uncanny sense of smell can sniff out nearby items.


Message History

You climb upwards.
There is a stone staircase leading down here.
Casting: Summon Small Mammal (safe; 1% risk of failure)
Confirm with . or Enter, or press ? or * to list all spells.
Aiming: Summon Lightning Spire (safe; 11% risk of failure)
Press: ? - help, Dir - move target cursor An electric hum fills the air.
The goblin hits you with a +0 club.
* * * LOW HITPOINT WARNING * * *
The gnoll hits you.
* * * LOW HITPOINT WARNING * * *
You miss the goblin. You bite the goblin, but do no damage.
The goblin completely misses you. The gnoll hits you.
* * * LOW HITPOINT WARNING * * *
You hit the gnoll.
The gnoll is moderately wounded.
The goblin misses you. The gnoll closely misses you.
You barely miss the gnoll.
The gnoll is moderately wounded.
The goblin hits you but does no damage. The gnoll hits you!
You die...

#...........##...## #####
##.....#.##.###### ##...#
#........##.#### #..<..
#..............# ######.....
#........##.##.#
###...###...#
###....#.##.##.#
##.......##'##
#[...#.##.##8#
#.........#.#.
##.#)#.##.##g#
#.........'.'. #.#.#....##@#
#.........#.#. #.#.###..##g#
##.......##'## #.#.# #..##.#
###...####.## #.#.# #..##.#
#####...... #.#.#
#..##.#######.........
#.#.###.........##..........
#.#.........#####...........
#...............#........⌠..
########.########.......⌠>⌠.


You could see a gnoll, a goblin and a friendly lightning spire.

Vanquished Creatures
  A gnoll (D:2)
  A dart slug (D:1)
  4 bats
  2 giant cockroaches (D:1)
  A goblin (D:1)
  A hobgoblin (D:1)
  A jackal (D:2)
  5 frilled lizards (D:1)
  A kobold (D:1)
  2 rats
19 creatures vanquished.

Vanquished Creatures (collateral kills)
  5 gnolls
  2 adders (D:2)
  A dart slug (D:1)
  2 bats (D:1)
  2 giant cockroaches (D:2)
  A goblin (D:2)
  3 hobgoblins
  3 jackals
  A quokka (D:2)
  A ball python (D:2)
  A frilled lizard (D:1)
  5 kobolds (D:1)
  6 rats
33 creatures vanquished.

Grand Total: 52 creatures vanquished

Notes
Turn   | Place    | Note
-------+----------+-------------------------------------------
     0 | D:1      | FishyPogo the Gnoll Summoner began the quest for the Orb.
     0 | D:1      | Reached XP level 1. HP: 13/13 MP: 6/6
   175 | D:1      | Reached XP level 2. HP: 5/19 MP: 5/7
   183 | D:1      | Learned a level 2 spell: Call Imp
   673 | D:1      | Reached XP level 3. HP: 25/25 MP: 9/9
   678 | D:1      | Learned a level 3 spell: Call Canine Familiar
   808 | D:1      | Reached skill level 5 in Spellcasting
   970 | D:2      | Reached skill level 1 in Invocations
   998 | D:2      | Reached skill level 1 in Fighting
   998 | D:2      | Reached skill level 1 in Short Blades
   998 | D:2      | Reached skill level 1 in Long Blades
   998 | D:2      | Reached skill level 1 in Axes
   998 | D:2      | Reached skill level 1 in Maces & Flails
   998 | D:2      | Reached skill level 1 in Polearms
   998 | D:2      | Reached skill level 1 in Staves
   998 | D:2      | Reached skill level 1 in Slings
   998 | D:2      | Reached skill level 1 in Bows
   998 | D:2      | Reached skill level 1 in Crossbows
   998 | D:2      | Reached skill level 1 in Throwing
   998 | D:2      | Reached skill level 1 in Armour
   998 | D:2      | Reached skill level 1 in Shields
   998 | D:2      | Reached skill level 1 in Unarmed Combat
   998 | D:2      | Reached skill level 1 in Evocations
  1085 | D:2      | Reached XP level 4. HP: 28/32 MP: 9/11
  1172 | D:2      | Learned a level 4 spell: Summon Lightning Spire
  1445 | D:1      | Slain by a gnoll

Levels and vault maps discovered:
D:1:      dpeg_arrival_three_bigger_balls, layout_loops_ring
D:2:      layout_loops_ring, grunt_temple_overflow_growth_and_decay

Skill      XL: |  1  2  3 |
---------------+----------+-----
Spellcasting   | 5 |  5.0
Invocations    | 1 |  1.2
Fighting       | 1 |  1.1
Short Blades   | 1 |  1.1
Long Blades    | 1 |  1.1
Axes           | 1 |  1.1
Maces & Flails | 1 |  1.1
Polearms       | 1 |  1.1
Staves         | 1 |  1.1
Slings         | 1 |  1.1
Bows           | 1 |  1.1
Crossbows      | 1 |  1.1
Throwing       | 1 |  1.1
Armour         | 1 |  1.1
Shields        | 1 |  1.1
Unarmed Combat | 1 |  1.1
Evocations     | 1 |  1.1
Dodging        | |  4.6
Stealth        | |  4.2
Conjurations   | |  0.8
Hexes          | |  0.8
Charms         | |  0.8
Summonings     | |  7.1
Necromancy     | |  0.8
Translocations | |  0.8
Transmutations | |  0.8
Fire Magic     | |  0.8
Ice Magic      | |  0.8
Air Magic      | |  0.8
Earth Magic    | |  0.8
Poison Magic   | |  0.8

Action                   |  1- 3 |  4- 6 || total
-------------------------+-------+-------++-------
Melee: Short sword       |    63 |    15 ||    78
       Bite              |     7 |     1 ||     8
Throw: Stone             |     2 |       ||     2
 Cast: Summon Small Mamm |    30 |     6 ||    36
       Call Imp          |    11 |     6 ||    17
       Call Canine Famil |     5 |     3 ||     8
       Summon Lightning  |       |     4 ||     4
 Stab: Sleeping          |     3 |       ||     3
       Distracted        |     1 |       ||     1
  Eat: Chunk             |     1 |     2 ||     3
Armor: Robe              |    19 |     3 ||    22
Dodge: Dodged            |    51 |    23 ||    74
